 Dungeon Crawl Stone Soup version 0.30-a0-43-gbbf338a72c (webtiles) character file.

Game seed: 1544806085643346438

2261 LnG the Cleaver (level 9, -1/75 HPs)
             Began as a Hill Orc Fighter on Aug 31, 2022.
             Was a Follower of Makhleb.
             Succumbed to Amaemon's poison
             ... on level 8 of the Dungeon.
             The game lasted 00:30:32 (7309 turns).

LnG the Cleaver (Hill Orc Fighter)                  Turns: 7309, Time: 00:30:32

Health: -1/75      AC: 18    Str: 27    XL:     9   Next: 38%
Magic:  9/9        EV:  4    Int:  5    God:    Makhleb [*.....]
Gold:   493        SH: 12    Dex:  9    Spells: 8/8 levels left

rFire   . . .      SeeInvis +    a - +3 war axe
rCold   . . .      Faith    .    E - +0 tower shield
rNeg    . . .      Spirit   .    f - +0 plate armour
rPois   .          Reflect  .    (helmet restricted)
rElec   .          Harm     .    u - +0 cloak {rCorr}
rCorr   +          Rampage  .    y - +2 pair of gloves
Will    .....                    (no boots)
Stlth   ..........               v - amulet of regeneration
HPRegen 1.02/turn                q - ring of see invisible
MPRegen 0.11/turn                w - ring of see invisible

@: mighty, lethally poisoned (-1 -> -31)
A: antennae 1, dopey 1, strong 1, MP-powered wands
a: Renounce Religion


You were on level 8 of the Dungeon.
You worshipped Makhleb.
Makhleb was aware of your devotion.
You visited 2 branches of the dungeon, and saw 9 of its levels.

You collected 493 gold pieces.

Inventory:

Hand Weapons
 a - a +3 war axe (weapon)
Armour
 b - a +0 scale mail
 f - a +0 plate armour (worn)
 u - a +0 cloak of preservation (worn)
 y - a +2 pair of gloves (worn)
 E - a +0 tower shield (worn)
Jewellery
 i - an amulet of faith
 k - an amulet of magic regeneration
 q - a ring of see invisible (left hand)
 v - an amulet of regeneration (around neck)
 w - a ring of see invisible (right hand)
 B - a +6 ring of strength
 D - a ring of protection from fire
 G - a ring of ice
Wands
 h - a wand of paralysis (8)
 o - a wand of flame (70)
 A - a wand of light (15)
Scrolls
 e - a scroll of torment
 g - a scroll of blinking
 n - 4 scrolls of amnesia
 p - 4 scrolls of teleportation
 r - 2 scrolls of poison {unknown}
 s - a scroll of immolation
 t - 2 scrolls of fear
 C - a scroll of brand weapon {unknown}
 F - a scroll of enchant armour {unknown}
Potions
 j - 5 potions of heal wounds
 l - a potion of ambrosia
 m - a potion of curing
 x - a potion of cancellation {unknown}
 z - a potion of lignification


   Skills:
 + Level 6.3 Fighting
 + Level 11.7 Axes
 + Level 7.5 Armour
 + Level 0.6 Dodging
 + Level 0.2 Stealth
 + Level 5.2 Shields


You had 8 spell levels left.
You didn't know any spells.
Your spell library contained the following spells:

 Spells                   Type           Power      Damage    Failure   Level
 Slow                     Hex            0%         N/A       100%        1
 Ensorcelled Hibernation  Hex/Ice        0%         N/A       100%        2
 Passwall                 Tmut/Erth      0%         N/A       100%        2
 Confusing Touch          Hex            0%         N/A       100%        3
 Spider Form              Tmut/Pois      0%         N/A       100%        3
 Swiftness                Air            0%         N/A       100%        3
 Vampiric Draining        Necr           0%         2d6       100%        3
 Anguish                  Hex/Necr       0%         N/A       100%        4


Dungeon Overview and Level Annotations

Branches:
Dungeon (8/15)             Temple (1/1) D:5
   Lair: D:8-11

Altars:
Ashenzari
Cheibriados
Dithmenos
Elyvilon
Fedhas
Gozag
Kikubaaqudgha
Makhleb
Nemelex Xobeh
Okawaru
Qazlal
Ru
Sif Muna
Trog
Uskayaw
Vehumet
Wu Jian
Xom
Yredelemnul
The Shining One

Annotations:
D:8 Amaemon


Innate Abilities, Weirdness & Mutations

You have a pair of small antennae on your head.
You are dopey. (Int -2)
Your muscles are strong. (Str +4, Int/Dex -1)
You expend magic power (3 MP) to strengthen your wands.


Message History

You are more poisoned.
Amaemon claws you but does no damage. Amaemon tail-slaps you.
You bump into the rock wall.
You feel very sick.
Amaemon zaps a wand.
The bolt of light misses you.
You bump into the rock wall.
You feel less confused.
You feel very sick. Amaemon hits you but does no damage. Amaemon claws you.
Amaemon barely misses you.
You barely miss Amaemon.
You feel very sick.
Amaemon hits you with a +0 demon whip of venom!
You are more poisoned.
You block Amaemon's attack. x2
You closely miss Amaemon.
You feel very sick.
Amaemon hits you with a +0 demon whip of venom.
You are more poisoned.
Amaemon claws you but does no damage. You block Amaemon's attack.
As you read the scroll of teleportation, it crumbles to dust.
You feel strangely unstable.
You feel very sick.
Amaemon hits you with a +0 demon whip of venom.
* * * LOW HITPOINT WARNING * * *
You are lethally poisoned!
You block Amaemon's attack. Amaemon tail-slaps you.
* * * LOW HITPOINT WARNING * * *
Amaemon attacks as you move away!
Amaemon hits you with a +0 demon whip of venom.
* * * LOW HITPOINT WARNING * * *
You are more poisoned.
Amaemon claws you but does no damage. You block Amaemon's attack.
* * * LOW HITPOINT WARNING * * *
You feel extremely sick. Amaemon attacks as you move away!
Amaemon hits you but does no damage.
You are more poisoned.
Amaemon claws you but does no damage. You block Amaemon's attack.
Your surroundings suddenly seem different.
You die...

#......## #.[.. ##.......#
#.... # ###........## #....
## ###...........# ##... .##
####.............## #... ..##
####..........>......# #...
...####......[.............#
##..
...........................##
###
.....######.....@...........#
##. ......#
#..................###..
......#
#....................)..
......#
#...................###.
......# ##...............####
## ......# ####............#
# ......# #####......#.#
.....## ########.# ....## #.#


There were no monsters in sight!

Vanquished Creatures
  An orange demon (D:8)
  A wraith (D:7)
  Menkaure (D:7)
  A black bear (D:6)
  An ice beast (D:7)
  2 sky beasts (D:7)
  An ogre (D:6)
  A kobold brigand (D:7)
  2 bullfrogs (D:7)
  A gnoll sergeant (D:5)
  4 necrophages
  3 scorpions
  A howler monkey (D:5)
  3 jellies
  A gnoll bouda (D:7)
  2 hounds (D:6)
  Crazy Yiuf (D:3)
  An iguana (D:7)
  An orc wizard (D:4)
  8 gnolls
  11 adders
  A shadow imp (D:5)
  A white imp (D:8)
  An ufetubus (D:4)
  3 worms (D:4)
  6 dart slugs
  8 orcs
  4 endoplasms
  3 giant cockroaches
  5 goblins
  6 hobgoblins
  7 jackals
  4 quokkas
  4 ball pythons
  6 bats
  2 frilled lizards
  13 kobolds
  7 rats
129 creatures vanquished.

Vanquished Creatures (others)
  4 withered plants (D:4)
4 creatures vanquished.

Grand Total: 133 creatures vanquished

Notes
Turn   | Place    | Note
-------+----------+-------------------------------------------
     0 | D:1      | LnG the Hill Orc Fighter began the quest for the Orb.
     0 | D:1      | Reached XP level 1. HP: 19/19 MP: 1/1
   109 | D:1      | Reached XP level 2. HP: 27/27 MP: 2/2
   329 | D:1      | Reached skill level 3 in Axes
   514 | D:1      | Reached XP level 3. HP: 33/33 MP: 3/3
  1671 | D:3      | Reached XP level 4. HP: 37/40 MP: 4/4
  1731 | D:3      | Reached skill level 4 in Axes
  1738 | D:3      | Gained mutation: Armour fits poorly on your strangely
                  | shaped body. [potion of mutation]
  1738 | D:3      | Gained mutation: You expend magic power (3 MP) to
                  | strengthen your wands. [potion of mutation]
  1738 | D:3      | Gained mutation: You occasionally lose the ability to drink
                  | potions when taking damage. [potion of mutation]
  1738 | D:3      | Gained mutation: A frigid envelope surrounds you and
                  | freezes all who hurt you. [potion of mutation]
  1739 | D:3      | Lost mutation: A frigid envelope surrounds you and freezes
                  | all who hurt you. [potion of mutation]
  1739 | D:3      | Lost mutation: You occasionally lose the ability to drink
                  | potions when taking damage. [potion of mutation]
  1739 | D:3      | Lost mutation: Armour fits poorly on your strangely shaped
                  | body. [potion of mutation]
  1739 | D:3      | Gained mutation: You have a pair of small antennae on your
                  | head. [potion of mutation]
  1739 | D:3      | Gained mutation: You are dopey. (Int -2) [potion of
                  | mutation]
  1739 | D:3      | Gained mutation: Your muscles are strong. (Str +4, Int/Dex
                  | -1) [potion of mutation]
  1848 | D:3      | Found a sacrificial altar of Ru.
  1856 | D:3      | Found a hide-covered altar of Uskayaw.
  2249 | D:3      | Found a runed translucent door.
  2250 | D:3      | Noticed Crazy Yiuf
  2256 | D:3      | Killed Crazy Yiuf
  2445 | D:4      | Reached XP level 5. HP: 43/46 MP: 5/5
  2497 | D:4      | Reached skill level 5 in Axes
  2518 | D:4      | Found an ancient bone altar of Kikubaaqudgha.
  2874 | D:4      | Reached skill level 6 in Axes
  2874 | D:4      | Reached XP level 6. HP: 44/53 MP: 6/6
  3233 | D:5      | Entered Level 5 of the Dungeon
  3607 | D:5      | Reached skill level 7 in Axes
  3662 | D:5      | Reached XP level 7. HP: 50/60 MP: 7/7
  4015 | D:5      | Found a staircase to the Ecumenical Temple.
  4025 | Temple   | Entered the Ecumenical Temple
  4496 | D:6      | Reached skill level 8 in Axes
  4614 | Temple   | Became a worshipper of Makhleb the Destroyer
  4786 | D:6      | Found an iron altar of Okawaru.
  4827 | D:6      | Reached skill level 5 in Armour
  5034 | D:6      | Reached skill level 5 in Fighting
  5034 | D:6      | Reached skill level 9 in Axes
  5034 | D:6      | Reached XP level 8. HP: 67/68 MP: 8/8
  5862 | D:7      | Reached skill level 10 in Axes
  5882 | D:7      | Noticed Menkaure
  5893 | D:7      | Killed Menkaure
  6330 | D:7      | Reached skill level 5 in Shields
  6330 | D:7      | Reached XP level 9. HP: 75/75 MP: 9/9
  6442 | D:7      | Reached skill level 11 in Axes
  6724 | D:7      | Reached * piety under Makhleb
  7131 | D:8      | Noticed Amaemon
  7131 | D:8      | Noticed an orange demon
  7197 | D:8      | Killed an orange demon
  7309 | D:8      | Succumbed to Amaemon's poison

Illustrated notes

Levels and vault maps discovered:
D:1:      amcnicky_arrival_abandoned_market, layout_basic
D:2:      layout_loops_cross, kennysheep_generic_room_5
D:3:      layout_loops_ring, amethyst_overflow_temple_binary,
          uniq_crazy_yiuf_cottage
D:4:      layout_gridville, kiku_gazebo_garden_becter, kennysheep_generic_room_4
D:5:      layout_gridville, temple_statues, kennysheep_nub,
          corexii_hall_statues_u
D:6:      layout_rooms, okawaru_gym_becter
D:7:      layout_basic, uniq_menkaure
D:8:      layout_cave_pods, uniq_amaemon
Temple:   compressed_dpeg_triangle_lava_temple

Skill      XL: |  1  2  3  4  5  6  7  8  9 |
---------------+----------------------------+-----
Axes           | 3 4 6 7 9 10 11 | 11.7
Fighting       | 4 5 6 |  6.3
Shields        | 4 5 |  5.2
Armour         | 4 5 7 |  7.5
Dodging        | |  0.6
Stealth        | |  0.2

Action                   |  1- 3 |  4- 6 |  7- 9 || total
-------------------------+-------+-------+-------++-------
Melee: War axe           |   117 |   133 |   177 ||   427
  Use: Scroll            |     6 |     5 |     6 ||    17
       Potion            |       |     2 |     6 ||     8
Armor: Scale mail        |    46 |       |       ||    46
       Plate armour      |    32 |    80 |   139 ||   251
Dodge: Dodged            |    59 |    44 |    53 ||   156
Block: Buckler           |    23 |    28 |    37 ||    88
       Tower shield      |       |       |    14 ||    14

Table legend: (Time is in decaauts)
 A = Elapsed time spent in this place.
 B = Non-inter-level travel time spent in this place.
 C = Inter-level travel time spent in this place.
 D = Time resting spent in this place.
 E = Time spent auto-exploring this place.
 F = Levels seen in this place.
 G = Mean time per level.
                   A        B        C        D        E       F      G
               +--------+--------+--------+--------+--------+-----+--------+
         Total |   7415 |   7092 |    323 |   1635 |   2387 |   9 |  823.9 |
       Dungeon |   7226 |   6931 |    295 |   1635 |   2387 |   8 |  903.2 |
        Temple |    189 |    161 |     28 |      0 |      0 |   1 |  189.0 |
               +--------+--------+--------+--------+--------+-----+--------+

Top non-repeatable levels by time:
     D:5: 1299 daAuts
     D:6: 1149 daAuts
     D:7: 1124 daAuts
     D:1: 874 daAuts
     D:3: 863 daAuts
     D:4: 811 daAuts
     D:2: 755 daAuts
     D:8: 347 daAuts
  Temple: 189 daAuts
